Map: Acropolis LE

Players

aGaham

  • Race: Zerg Zerg
  • League: Grandmaster
  • Spawn Location: 11:00

Strange - Winner!

  • Race: Protoss Protoss
  • League: Grandmaster
  • Spawn Location: 5:00

VOD

Have the link to the VOD?

Description

Time

  • Played on: Sept. 15, 2019, 5:56 a.m.
  • Length: 5:51
Show
View Real Time Build Order
Export as new Build Order

aGaham Zerg 

Build Orders: Hatch First 

Get SALT Encoding   

  12  0:00  Drone  
  13  0:12  Overlord  
  13  0:17  Drone  
  14  0:30  Drone x2  
  14  0:35  Drone  
  17  0:50  Hatchery  
  17  0:54  Drone  
  17  0:57  Drone  
  17  0:59  Extractor  
  17  1:12  Spawning Pool  
  17  1:15  Drone  
  17  1:19  Drone  
  18  1:27  Drone  
  19  1:38  Overlord  
  19  1:52  Drone  
  20  1:58  Queen  
  20  2:00  Metabolic Boost  
  22  2:02  Queen  
  22  2:05  Drone  
  25  2:10  Drone x2  
  27  2:18  Drone  
  28  2:31  Hatchery  
  28  2:35  Zergling x4  
  29  2:38  Pneumatized Carapace  
  29  2:45  Queen  
  29  2:51  Overlord  
  31  3:01  Spore Crawler  
  31  3:07  Drone x5  
  31  3:12  Overlord  
  36  3:15  Drone x2  
  36  3:16  Drone  
  36  3:18  Drone  
  40  3:23  Drone x2  
  42  3:27  Overlord  
  42  3:34  Overlord  
  42  3:42  Drone x5  
  42  3:47  Roach Warren  
  46  3:52  Drone x2  
  46  3:53  Drone  
  49  3:56  Extractor  
  49  3:57  Drone  
  49  3:58  Extractor x2  
  47  4:05  Overlord  
  47  4:08  Overlord  
  47  4:09  Zergling x6  
  50  4:10  Zergling x2  
  50  4:14  Zergling x4  
  53  4:21  Zergling x2  
  53  4:22  Zergling x8  
  58  4:27  Roach x2  
  62  4:32  Roach x2  
  64  4:42  Roach x4  
  69  4:49  Ravager  
  69  4:52  Roach x3  
  72  4:54  Zergling x4  
  72  4:56  Ravager  
  72  5:06  Zergling x12  
  54  5:24  Zergling x10  
  53  5:41  Ravager  
Show
View Real Time Build Order
Export as new Build Order

Strange Protoss - Winner!

Build Orders: 1 Gate Expand 

Get SALT Encoding   

  12  0:00  Probe  
  13  0:12  Probe  
  14  0:20  Pylon  
  14  0:24  Probe  
  15  0:38  Probe (Chrono Boost)  
  15  0:42  Gateway  
  16  0:46  Probe (Chrono Boost)  
  16  0:49  Assimilator  
  17  0:52  Probe  
  18  1:05  Probe  
  19  1:17  Probe  
  20  1:29  Cybernetics Core  
  20  1:31  Nexus  
  20  1:35  Probe  
  21  1:41  Pylon  
  21  1:47  Probe  
  21  1:50  Assimilator  
  22  1:59  Probe  
  23  2:04  Adept (Chrono Boost)  
  25  2:08  Warp Gate  
  25  2:11  Probe  
  26  2:18  Robotics Facility  
  26  2:23  Probe (Chrono Boost)  
  26  2:28  Stalker  
  29  2:35  Probe (Chrono Boost)  
  32  2:44  Probe (Chrono Boost)  
  32  2:45  Probe (Chrono Boost)  
  33  2:53  Probe (Chrono Boost)  
  33  2:54  Probe (Chrono Boost)  
  33  2:58  Probe (Chrono Boost)  
  34  2:59  Sentry  
  34  3:02  Probe  
  34  3:03  Immortal (Chrono Boost)  
  41  3:13  Pylon  
  42  3:23  Gateway  
  42  3:24  Gateway  
  40  3:29  Gateway  
  40  3:35  Warp Prism (Chrono Boost)  
  42  3:50  Gateway x2  
  42  3:56  Sentry  
  42  3:58  Pylon  
  44  4:05  Pylon  
  44  4:12  Pylon  
  44  4:13  Observer  
  45  4:24  Stalker x4  
  53  4:31  Pylon  
  51  4:51  Stalker x3  
  51  4:52  Zealot x2  
  61  4:57  Stalker  
  59  5:16  Stalker x2  
  59  5:17  Zealot x3  
  59  5:38  Zealot x2, Stalker x2  
  59  5:41  Stalker  
Tags
 
Add a new tag
Caveats
  • Supply blocks, unpowered buildings, or Contaminate may cause inaccurate times.
  • Supply counts are checked every 10 seconds.